 Dungeon Crawl Stone Soup version 0.28-a0-850-g09de17f5b5 (webtiles) character file.

Game seed: 6419250325952798775

443 marklar909 the Skirmisher (level 6, -1/78 HPs)
             Began as a Palentonga Fighter on Nov 13, 2021.
             Succumbed to a scorpion's poison
             ... on level 3 of the Dungeon.
             The game lasted 00:05:24 (3754 turns).

marklar909 the Skirmisher (Palentonga Fighter)      Turns: 3754, Time: 00:05:25

Health: -1/78      AC: 23    Str: 21    XL:     6   Next: 71%
Magic:  6/6        EV:  1    Int:  9    God:
Gold:   150        SH:  5    Dex: 15    Spells: 5/5 levels left

rFire   . . .      SeeInvis +   a - +0 flail
rCold   . . .      Faith    .   c - +0 buckler
rNeg    . . .      Spirit   .   (armour currently unavailable)
rPois   +          Reflect  .   (helmet currently unavailable)
rElec   .          Harm     .   (cloak currently unavailable)
rCorr   .          Rampage  .   (gloves currently unavailable)
Will    .....      NoTele   +   (no barding)
Stlth   ++........              (no amulet)
HPRegen 0.23/turn               f - +6 ring of dexterity
MPRegen 0.10/turn               (no ring)

@: lethally poisoned (-1 -> -4), tree-form, studying Fighting
A: stationary, stasis, torment immunity, boosted hp, large, rugged brown scales
3, see invisible, (deformed body), (roll 1), (armoured tail)
a: no special abilities


You were on level 3 of the Dungeon.
You were a tree.
You visited 1 branch of the dungeon, and saw 3 of its levels.

You collected 150 gold pieces.

Inventory:

Hand Weapons
 a - a +0 flail (weapon)
Missiles
 i - 2 curare-tipped darts
 o - 16 poisoned darts (quivered)
Armour
 b - a +0 scale mail (melded)
 c - a +0 buckler (worn)
 p - a +0 helmet (melded)
Jewellery
 f - a +6 ring of dexterity (left branch)
 g - a ring of magical power
Wands
 m - a wand of paralysis (9)
Scrolls
 j - a scroll of teleportation {unknown}
 k - 2 scrolls of identify {unknown}
Potions
 d - a potion of might
 h - 3 potions of haste


   Skills:
 * Level 4.4 Fighting
 + Level 4.1 Maces & Flails
 - Level 1.3 Throwing
 * Level 3.5 Armour
 + Level 0.4 Dodging
 + Level 0.7 Stealth
 + Level 3.1 Shields


You had 5 spell levels left.
You didn't know any spells.
Your spell library contained the following spells:

 Spells                   Type           Power      Damage    Failure   Level
 Slow                     Hex            0%         N/A       38%         1
 Confusing Touch          Hex            0%         N/A       77%         3
 Dazzling Flash           Conj/Hex       0%         N/A       77%         3
 Iskenderun's Mystic Bla  Conj/Tloc      0%         2d3       99%         4
 Yara's Violent Unravell  Hex/Tmut       0%         3d3       100%        5
 Starburst                Conj/Fire      0%         6d3       100%        6


Dungeon Overview and Level Annotations

Branches:
Dungeon (3/15)

Altars:
Trog


Innate Abilities, Weirdness & Mutations

You are a tree.
Your roots penetrate the ground, keeping you stationary.
You cannot be teleported.
You are immune to unholy pain and torment.
Your maximum health is greatly increased.
Your equipment is partially melded.
(You are completely covered in rugged brown scales. (AC +3, +7% HP))
You have supernaturally acute eyesight. (SInv)
((Armour fits poorly on your strangely shaped body.))
((You can roll at nearby foes to attack.))
((You have a long armoured tail.))


Message History

The scorpion poisons you! You block the scorpion's attack.
It was a potion of haste.
You feel yourself speed up.
* * * LOW HITPOINT WARNING * * *
You feel sick. The scorpion barely misses you.
* * * LOW HITPOINT WARNING * * *
You feel sick.
* * * LOW HITPOINT WARNING * * *
You feel sick.
It was a potion of lignification.
You turn into a tree.
Your +0 helmet melds into your body.
Your +0 scale mail melds into your body.
Your roots penetrate the ground.
* * * LOW HITPOINT WARNING * * *
You feel sick.
Okay, then.
It was a potion of flight.
Your roots keep you in place.
* * * LOW HITPOINT WARNING * * *
You feel sick.
The scorpion stings you but does no damage.
It was a potion of cancellation.
Your magical effects are unravelling.
You feel magically purged.
You feel less wooden.
Your +0 helmet unmelds from your body.
Your +0 scale mail unmelds from your body.
You feel yourself slow down. The scorpion barely misses you.
* * * LOW HITPOINT WARNING * * *
You feel sick.
Okay, then.
Okay, then.
Really quaff the potion of lignification?
You turn into a tree.
Your +0 helmet melds into your body.
Your +0 scale mail melds into your body.
Your roots penetrate the ground.
* * * LOW HITPOINT WARNING * * *
You feel sick. The scorpion barely misses you.
You closely miss the scorpion.
The scorpion is moderately wounded.
You die...

#.# #.# #.# # #.# ## #.#
.############ #.#
.............. #.# #.....#
.###.#########.#.######.....##
## #............♣............
# #.###########.s..###..... #
##.## ###..# ... ###...## #..#
#.# ##.....# #..#####.##.#
.......# #..........(#
.#.....# ##...###........
#......# ###.# ####.####
##.....# #.# #


You could see a scorpion.

Vanquished Creatures
  Sigmund (D:3)
  A gnoll shaman (D:3)
  Jessica (D:2)
  8 gnolls (D:3)
  7 adders
  4 worms
  4 orcs (D:3)
  5 ball pythons
  4 bats (D:1)
  5 endoplasms
  5 giant cockroaches (D:1)
  7 goblins
  6 hobgoblins
  4 jackals (D:1)
  4 kobolds
  2 quokkas
  4 frilled lizards
  3 rats
75 creatures vanquished.

Notes
Turn   | Place    | Note
-------+----------+-------------------------------------------
     0 | D:1      | marklar909 the Palentonga Fighter began the quest for the
                  | Orb.
     0 | D:1      | Reached XP level 1. HP: 19/19 MP: 1/1
   137 | D:1      | Reached XP level 2. HP: 21/25 MP: 2/2
   348 | D:1      | Found a bloodstained altar of Trog.
   914 | D:1      | Reached XP level 3. HP: 31/31 MP: 3/3
  1740 | D:2      | Reached XP level 4. HP: 37/37 MP: 4/4
  1847 | D:2      | Found a faded altar of an unknown god.
  2084 | D:2      | Noticed Jessica
  2091 | D:2      | Killed Jessica
  2587 | D:3      | Reached XP level 5. HP: 23/44 MP: 5/5
  3112 | D:3      | Noticed Sigmund
  3120 | D:3      | Killed Sigmund
  3121 | D:3      | Reached skill level 1 in Throwing
  3121 | D:3      | Reached XP level 6. HP: 52/52 MP: 6/6
  3167 | D:3      | Identified a scroll of acquirement
  3167 | D:3      | Acquired a manual of Fighting
  3749 | D:3      | HP: 3/78 [poisoned by a scorpion]
  3752 | D:3      | HP: 1/52 [poisoned by a scorpion]
  3754 | D:3      | Succumbed to a scorpion's poison

Illustrated notes

Levels and vault maps discovered:
D:1:      dpeg_arrival_prison, layout_loops_cross, kennysheep_flooded_box,
          minmay_pentomino_v4
D:2:      layout_loops_corners, shapermc_ecumenical_altar_ellora, uniq_jessica
D:3:      layout_loops_ring, portal_sewer_entry_c, uniq_sigmund

Skill      XL: |  1  2  3  4  5 |
---------------+----------------+-----
Armour         | 3 |  3.5
Fighting       | 4 |  4.4
Maces & Flails | 3 4 |  4.1
Throwing       | 1 |  1.3
Shields        | 3 |  3.1
Dodging        | |  0.4
Stealth        | |  0.7

Action                   |  1- 3 |  4- 6 || total
-------------------------+-------+-------++-------
Melee: Flail             |   102 |   101 ||   203
       Tailslap          |    11 |    16 ||    27
Throw: Dart              |       |    26 ||    26
Evoke: Wand              |       |     1 ||     1
  Use: Potion            |       |     5 ||     5
       Scroll            |       |     1 ||     1
 Stab: Paralysed         |       |     4 ||     4
Armor: Scale mail        |    47 |    29 ||    76
       Skin              |       |     1 ||     1
Dodge: Dodged            |    50 |    27 ||    77
Block: Buckler           |    22 |    28 ||    50

Table legend: (Time is in decaauts)
 A = Elapsed time spent in this place.
 B = Non-inter-level travel time spent in this place.
 C = Inter-level travel time spent in this place.
 D = Time resting spent in this place.
 E = Time spent auto-exploring this place.
 F = Levels seen in this place.
 G = Mean time per level.
                   A        B        C        D        E       F      G
               +--------+--------+--------+--------+--------+-----+--------+
         Total |   3803 |   3552 |    251 |    351 |   2651 |   3 | 1267.7 |
       Dungeon |   3803 |   3552 |    251 |    351 |   2651 |   3 | 1267.7 |
               +--------+--------+--------+--------+--------+-----+--------+

Top non-repeatable levels by time:
     D:2: 1694 daAuts
     D:1: 1299 daAuts
     D:3: 810 daAuts
